 Dungeon Crawl Stone Soup version 0.21.1-1-g345015f (webtiles) character file.

1775656 dstrtn the Lord of Darkness (level 25, 198/198 HPs)
             Began as a Green Draconian Earth Elementalist on Mar 8, 2018.
             Was the Champion of Kikubaaqudgha.
             Escaped with the Orb
             ... and 3 runes on Mar 9, 2018!
             The game lasted 06:36:46 (59219 turns).

dstrtn the Lord of Darkness (DrEE)                 Turns: 59219, Time: 06:36:47

Health: 198/198    AC: 20    Str: 15    XL:     25   Next: 48%
Magic:  40/46      EV: 24    Int: 31    God:    Kikubaaqudgha [******]
Gold:   30         SH: 15    Dex: 15    Spells: 1/62 levels left

rFire    + + .     SeeInvis +   s - staff of energy {!a}
rCold    + + .     Gourm    .   w - +2 shield of Resistance {rF+ rC+ MR+}
rNeg     + . .     Faith    +   (armour unavailable)
rPois    +         Spirit   .   J - +2 hat {MR+}
rElec    .         Reflect  .   l - scarf {repulsion}
rCorr    .         Harm     .   M - +2 pair of gloves {Dex+3}
MR       +++..     Rnd*Tele +   j - +2 pair of boots "Vyolubor" {rF+ Str+3 Dex-2}
Stlth    +.........             D - amulet of faith {!P}
HPRegen  0.43/turn              i - ring of see invisible
MPRegen  0.30/turn              d - ring "Yvad" {rN+ EV+3 Int+5}

@: repel missiles
A: breathe noxious fumes, unfitting armour, stinger 1, clever 1, cold resistance
1, frail 1, mutation resistance 1, poison resistance, inhibited regeneration,
teleportitis 1, cold-blooded, AC +12
0: Orb of Zot
}: 3/15 runes: barnacled, abyssal, gossamer
a: Breathe Noxious Fumes, Receive Corpses, Torment, Renounce Religion


You escaped.
You worshipped Kikubaaqudgha.
Kikubaaqudgha was exalted by your worship.
You were very full.

You visited 8 branches of the dungeon, and saw 45 of its levels.
You visited the Abyss 1 time.
You visited 1 bazaar.
You also visited: Ice Cave and Volcano.

You collected 5687 gold pieces.
You spent 5657 gold pieces at shops.

Inventory:

Hand Weapons
 a - the +10 fustibalus "Bicwol" {flame, rPois rC+ Str-5 Dex+9}
   (You bought it in a shop on level 6 of the Dungeon)

   It causes projectiles fired from it to burn those they strike, causing extra
   injury to most foes and up to half again as much damage against particularly
   susceptible opponents.
   It affects your strength (-5).
   It affects your dexterity (+9).
   It protects you from cold.
   It protects you from poison.
Missiles
 b - 185 sling bullets
 e - 920 stones
 S - 9 throwing nets (quivered) {!f}
Armour
 j - the +2 pair of boots "Vyolubor" (worn) {rF+ Str+3 Dex-2}
   (You found it on level 4 of the Spider Nest)

   It affects your strength (+3).
   It affects your dexterity (-2).
   It protects you from fire.
 l - a scarf of repulsion (worn)
 w - the +2 shield of Resistance (worn) {rF+ rC+ MR+}
   (You took it off Asterion on level 1 of the Vaults)

   It protects you from fire.
   It protects you from cold.
   It affects your resistance to hostile enchantments.
 J - a +2 hat of magic resistance (worn)
 M - a +2 pair of gloves of dexterity (worn)
Magical Staves
 q - an uncursed staff of air
 s - an uncursed staff of energy (weapon) {!a}
 u - an uncursed staff of wizardry {!a}
Jewellery
 d - the ring "Yvad" (right hand) {rN+ EV+3 Int+5}
   (You bought it in a shop on level 2 of the Orcish Mines)

   [ring of evasion]

   It affects your evasion (+3).
   It affects your intelligence (+5).
   It protects you from negative energy.
 f - an uncursed ring of protection from fire
 i - a ring of see invisible (left hand)
 p - an uncursed ring of magical power
 t - an uncursed ring of magical power
 D - an amulet of faith (around neck) {!P}
Wands
 C - a wand of acid (20)
 E - a wand of enslavement (19)
 I - a wand of iceblast (12)
 P - a wand of paralysis (22)
 R - a wand of scattershot (8)
 V - a wand of digging (38)
Scrolls
 k - 2 scrolls of vulnerability {!r}
 o - 3 scrolls of fog
 v - 8 scrolls of teleportation
 x - a scroll of amnesia
 y - 6 scrolls of fear
 B - 2 scrolls of blinking
 H - 11 scrolls of identify {@r1}
Potions
 g - 5 potions of might
 h - 3 potions of heal wounds
 r - 5 potions of resistance {!q}
 A - 9 potions of curing {@q1}
 F - 2 potions of ambrosia
 K - 4 potions of agility
 L - 6 potions of brilliance
 N - 5 potions of lignification {!q}
 U - a potion of magic
 W - a potion of haste {!q}
 Z - 3 potions of invisibility {!q}
Books
 Q - a Necronomicon

   Spells                             Type                      Level
   a - Haunt                          Necromancy/Summoning         7
   b - Borgnjor's Revivification      Necromancy                   8
   c - Death's Door                   Charms/Necromancy            8
   d - Infestation                    Necromancy                   8
   e - Necromutation                  Transmutation/Necromancy     8
Miscellaneous
 c - a fan of gales (inert)
 m - a phial of floods
 n - a lamp of fire
 z - a lightning rod (4/4) {!a}
 T - 2 phantom mirrors
 X - 2 boxes of beasts
Comestibles
 G - 28 rations


   Skills:
 - Level 17.0 Fighting
   Level 8.0 Short Blades
 - Level 12.0 Slings
 - Level 13.0 Dodging
 - Level 4.0 Stealth
 - Level 15.0 Shields
 - Level 19.0 Spellcasting
   Level 3.0 Conjurations
 - Level 11.2 Hexes
 - Level 10.1 Summonings
 - Level 20.0 Necromancy
 - Level 3.0 Translocations
 - Level 1.0 Transmutations
 - Level 8.0 Ice Magic
 - Level 9.0 Earth Magic
 + Level 15.9 Evocations


You had one spell level left.
You knew the following spells:

 Your Spells              Type           Power        Failure   Level  Hunger
a - Borgnjor's Vile Clut  Necr/Erth      #######...   1%          5    None
b - Animate Dead          Necr           N/A          0%          4    None
c - Haunt                 Necr/Summ      #######...   2%          7    None
d - Dispel Undead         Necr           ########     0%          5    None
i - Infestation           Necr           ########..   2%          8    None
o - Ozocubu's Armour      Chrm/Ice       ######..     1%          3    None
q - Animate Skeleton      Necr           N/A          0%          1    None
r - Regeneration          Chrm/Necr      #######...   1%          3    None
w - Passwall              Tmut/Erth      ######....   1%          2    None
I - Invisibility          Hex            #######.     1%          6    None
R - Recall                Summ/Tloc      N/A          1%          3    None
S - Simulacrum            Ice/Necr       #######...   1%          6    None
Y - Borgnjor's Revivific  Necr           ########..   2%          8    None


Dungeon Overview and Level Annotations

Branches:
Dungeon (15/15)            Temple (0/1) D:7            Lair (6/6) D:8
 Shoals (4/4) Lair:4       Spider (4/4) Lair:3        Slime (0/5) Lair:5
    Orc (2/2) D:12            Elf (0/3) Orc:2        Vaults (4/5) D:13
  Crypt (0/3) Vaults:2     Depths (5/5) D:15            Zot (5/5) Depths:5

Altars:
Cheibriados
Dithmenos
Elyvilon
Fedhas
Gozag
Hepliaklqana
Kikubaaqudgha
Makhleb
Nemelex Xobeh
Okawaru
Ru
Uskayaw
Yredelemnul
Zin

Shops:
D:6 (   D:8 [   Orc:2 !}=*   Vaults:4 :   Depths:1 (?*=   Depths:4 [

Portals:
Hell: Depths:1 Depths:2 Depths:3 Depths:4 Depths:5
Abyss: Depths:3
Pandemonium: Depths:2 Depths:3 Depths:5
Ziggurat: Depths:4

Annotations:
D:1 exclusion: jackal
Shoals:1 exclusion: 2 downstairs
Depths:2 exclusion: downstairs


Innate Abilities, Weirdness & Mutations

You can breathe blasts of noxious fumes.
Your lurid green scales are hard. (AC +12)
You cannot fit into any form of body armour.
Your tail ends in a poisonous barb.
Your system is resistant to poisons. (rPois)
You are cold-blooded and may be slowed by cold attacks.
Your mind is acute. (Int +2)
Your flesh is cold resistant. (rC+)
You are frail. (-10% HP)
You are somewhat resistant to further mutation.
You do not regenerate when monsters are visible.
You are occasionally teleported next to monsters.


Message History

The large abomination is heavily damaged.
Unknown command.
You climb upwards.
Level annotation: exclusion: jackal
There is a stone staircase leading down here.
Unknown command.
Unknown command.
Things that are here:
a leather armour; a dagger
Casting: Borgnjor's Vile Clutch
Confirm with . or Enter, or press ? or * to list all spells.
Which direction?
You begin to meditate on the wall.
You continue meditating on the rock. x2
You finish merging with the rock.
Casting: Passwall
Confirm with . or Enter, or press ? or * to list all spells.
Which direction?
You begin to meditate on the wall.
You continue meditating on the rock. x2
You finish merging with the rock.
You have escaped!

#########################
#...รท[...................
#.#######################
#.##......##...# #..... ###
#.##.#######.#.#####.####
#..######....# #@#...#...#...#...
#......##.##.###.#.#####.#.#.#.##
#.#.......##...#...# #.....#...#.
#.........####.#######.#########.
###..........#...'.#.....#.# #.
#.......##.#####.#.###.#.# ##
#.......##.#...#...# #...#
#.......##.###.###.###.#.###
#####.#.##...#...#.....#...# ##


There were no monsters in sight!

Vanquished Creatures
  5 ancient liches (Zot:5)
  An orb of fire (Zot:1)
  Frederick (Vaults:4)
  3 curse toes
  Xtahua (Depths:3)
  4 golden dragons
  2 bone dragons
  Arachne (Spider:3)
  Jorgrun (D:15)
  4 liches
  7 tentacled monstrosities
  4 quicksilver dragons
  6 Orb Guardians (Zot:5)
  2 krakens
  The ghost of kaesh the Peltast, an adept MiFi of Cheibriados (Depths:1)
  A tentacled starspawn (Abyss:2)
  An Executioner (D:2)
  6 shadow dragons
  8 death cobs
  5 storm dragons
  2 sphinxes (Vaults:4)
  Kirke (D:14)
  5 draconian monks
  3 tengu reavers
  Donald (Vaults:2)
  5 frost giants
  3 draconian knights
  2 ghost moths
  2 draconian scorchers (Zot:3)
  4 draconian stormcallers
  10 fire giants
  6 vault wardens
  2 draconian shifters (Zot:3)
  An emperor scorpion (Spider:1)
  The ghost of Anonimus the Protected, a journeyman GnFi of Ashenzari (Shoals:3)
  2 ghouls
  4 ironheart preservers
  18 very ugly things
  A reaper (Depths:2)
  A war gargoyle (Vaults:3)
  A spriggan defender (Depths:4)
  9 stone giants
  2 entropy weavers
  3 draconian annihilators
  6 green draconians
  A lorocyproca (D:15)
  5 black draconians
  5 vampire knights
  Azrael (D:15)
  4 spark wasps
  6 purple draconians
  2 deep elf demonologists
  8 yellow draconians
  9 white draconians
  10 red draconians
  7 ettins
  A merfolk javelineer (Shoals:4)
  10 fire dragons
  The ghost of tidbits the Martial Artist, a journeyman GnTm of Cheibriados (Orc:2)
  5 merfolk impalers
  A deep elf high priest (Depths:3)
  8 vault guards (D:13)
  An ice dragon (shapeshifter) (Depths:4)
  11 yaktaur captains
  4 hydras
  6 great orbs of eyes
  4 rakshasas
  2 catoblepae (Lair:6)
  Fannar (D:12)
  7 ice dragons
  2 spriggan air magi
  An alligator snapping turtle (Shoals:2)
  7 centaur warriors
  Erica (D:10)
  2 death knights
  14 two-headed ogres
  4 deep troll earth magi
  8 deep troll shamans
  An alligator (Spider:4)
  4 tengu warriors
  4 spriggan berserkers
  2 satyrs
  4 ogre magi
  3 hell hogs
  16 death yaks
  3 thrashing horrors
  Urug (D:11)
  A soul eater (Depths:5)
  2 vampire magi
  Nergalle (Lair:2)
  Sonja (Lair:2)
  6 hell knights
  4 deep elf knights
  3 iron trolls
  2 unseen horrors
  2 sixfirhies
  A flayed ghost (Vaults:2)
  A kraken simulacrum (Shoals:4)
  An orange crystal statue (D:14)
  5 glowing orange brains
  7 sea snakes
  12 deep trolls
  A shadow demon (Depths:5)
  6 phantasmal warriors
  2 wizards
  9 orc knights
  6 deep elf archers
  9 wolf spider zombies (Spider:1)
  5 harpies
  The ghost of Anonimus the Shield-Bearer, a novice GnFi (D:4)
  6 ironbrand convokers
  5 necromancers
  30 ugly things
  8 cyclopes
  2 orb spiders
  11 deep elf magi
  11 wolf spiders
  2 orc sorcerers
  5 manticores
  A salamander (shapeshifter) (Vaults:2)
  4 oklob plants
  3 salamanders (Depths:3)
  10 fauns
  8 elephants
  15 moths of wrath
  5 merfolk sirens
  4 water nymphs
  A rust devil (Depths:2)
  12 vault sentinels
  A water nymph (shapeshifter) (Depths:2)
  A guardian serpent (shapeshifter) (Vaults:4)
  2 ice statues (IceCv)
  2 gargoyles
  3 spectral swamp worms (Depths:4)
  A black mamba (shapeshifter) (Vaults:2)
  2 hellions
  8 centaur skeletons
  9 spiny frogs
  A molten gargoyle (Volcano)
  A torpor snail (Lair:6)
  34 yaktaurs
  A rime drake (shapeshifter) (Vaults:2)
  2 efreet
  17 freezing wraiths
  7 komodo dragons
  2 kobold demonologists (D:14)
  2 demonic crawlers
  6 redback zombies (Spider:1)
  An ice devil (Depths:2)
  2 red devils (Depths:3)
  2 polar bears
  A troll (shapeshifter) (Vaults:1)
  6 tengu conjurers
  6 jumping spiders
  A hellwing (Depths:5)
  A queen bee (shapeshifter) (D:15)
  12 merfolk
  A meliai (D:15)
  Prince Ribbit (D:8)
  10 trolls
  3 hornets
  A wind drake (Shoals:3)
  7 snapping turtles
  A raiju (shapeshifter) (Vaults:2)
  2 tarantella zombies (Spider:1)
  9 hippogriffs
  8 blink frogs
  23 slime creatures
  A hippogriff (shapeshifter) (Depths:2)
  6 dream sheep
  A small abomination (Abyss:2)
  5 water elementals (Shoals:1)
  A spriggan (shapeshifter) (Depths:3)
  37 redbacks
  A tarantella (shapeshifter) (Vaults:4)
  5 wraiths
  5 wyverns
  3 spriggans
  2 hogs (D:14)
  7 tarantellas
  4 shadows
  A hog (shapeshifter) (Vaults:4)
  2 ynoxinuls
  5 fire bats (Volcano)
  A neqoxec (Depths:5)
  24 yaks
  A basilisk (Lair:6)
  A yaktaur simulacrum (Vaults:3)
  A chaos spawn (Depths:2)
  6 golden eyes (Zot:4)
  Menkaure (D:7)
  6 wargs
  2 large abominations (Abyss:2)
  13 hell hounds
  5 porcupines
  Duvessa (D:7)
  11 water moccasins
  39 orc warriors
  A sky beast (Abyss:3)
  17 ice beasts
  An eye of draining (D:10)
  2 black bears
  An ogre (shapeshifter) (Depths:4)
  14 boggarts
  19 ogres
  22 centaurs
  2 crocodiles
  4 big kobolds
  13 bullfrogs
  A human simulacrum (Vaults:2)
  Dowan (D:7)
  3 scorpions
  2 wyvern skeletons
  23 killer bees
  5 wights
  A howler monkey (D:4)
  An electric eel (Lair:1)
  4 lava snakes (Volcano)
  3 bullfrog zombies
  9 crimson imps
  7 hounds
  3 quasits
  2 starcursed masses (Abyss:3)
  2 centaur zombies
  20 orc priests
  5 jellies
  27 orc wizards
  A bullfrog skeleton (D:13)
  3 iguanas
  14 worker ants
  Natasha (thrice) (D:4)
  4 hell rats (Lair:6)
  2 hound zombies
  Robin (D:4)
  4 gnolls (D:7)
  10 adders
  9 river rats (D:6)
  5 shadow imps
  6 white imps
  An ooze (D:1)
  3 adder skeletons
  6 worms
  A dart slug (D:1)
  10 leopard geckos
  81 orcs
  2 ball pythons
  15 bats
  8 giant cockroaches
  14 goblins
  11 hobgoblins
  9 jackals
  10 quokkas
  7 frilled lizards
  A jackal zombie (D:6)
  23 kobolds
  A quokka skeleton (D:8)
  30 rats
  4 fungi
  26 plants
  4 tentacles
1529 creatures vanquished.

Vanquished Creatures (collateral kills)
  8 orbs of fire
  A juggernaut (Depths:2)
  An ancient lich (Zot:5)
  Boris (Depths:3)
  Margery (Vaults:2)
  2 curse toes (Zot:5)
  4 Killer Klowns
  Jory (Vaults:2)
  6 golden dragons
  3 electric golems
  8 tentacled monstrosities
  Rupert (D:15)
  19 Orb Guardians (Zot:5)
  3 quicksilver dragons
  Asterion (Vaults:1)
  Gastronok (Lair:1)
  A sphinx (Depths:5)
  An Executioner (Abyss:2)
  A sphinx (shapeshifter) (Depths:4)
  4 krakens
  2 tentacled starspawn (Abyss:3)
  2 death cobs
  2 tengu reavers
  9 storm dragons
  3 draconian monks
  A thorn hunter (Abyss:3)
  The ghost of letownia2 the Devastator, an adept TeWz of Cheibriados (Spider:4)
  6 fire giants
  3 ghost moths (Spider:4)
  3 frost giants
  2 vault wardens
  2 draconian knights
  2 emperor scorpions (Spider:4)
  Aizul (Spider:4)
  A draconian shifter (Zot:5)
  An angel (Abyss:3)
  6 draconian scorchers
  A deep elf elementalist (Depths:4)
  A draconian annihilator (Zot:2)
  2 draconian stormcallers
  2 stone giants
  An entropy weaver (Spider:2)
  4 ironheart preservers
  7 green draconians
  9 very ugly things
  A vampire knight (Depths:4)
  Nessos (D:14)
  A dire elephant (D:15)
  5 spark wasps
  4 black draconians
  3 yellow draconians
  7 white draconians
  6 red draconians
  6 purple draconians
  3 ettins
  5 merfolk javelineers
  6 merfolk impalers
  8 yaktaur captains
  4 fire dragons
  7 rakshasas
  7 great orbs of eyes
  6 ice dragons
  2 spriggan air magi
  5 hydras
  A centaur warrior (Vaults:2)
  A merfolk avatar (Shoals:4)
  An alligator snapping turtle (Shoals:4)
  3 death knights
  2 merfolk aquamancers (Shoals:4)
  A satyr (Shoals:4)
  10 death yaks
  3 deep troll shamans
  11 two-headed ogres
  3 tengu warriors
  2 deep troll earth magi
  4 hell knights
  6 thrashing horrors
  8 ogre magi
  A spriggan berserker (Depths:2)
  A wretched star (Abyss:2)
  A deep elf knight (Vaults:3)
  3 iron trolls
  3 unseen horrors
  12 sea snakes
  A wizard (Depths:1)
  7 deep trolls
  2 flayed ghosts
  2 glowing orange brains
  A deep elf archer (Vaults:3)
  An ironbrand convoker (Vaults:3)
  A phantasmal warrior (Depths:4)
  21 ugly things
  3 orc knights
  4 deep elf magi
  11 fauns
  A cyclops (Shoals:4)
  6 harpies
  6 orb spiders
  9 manticores
  2 oklob plants (Lair:6)
  20 wolf spiders
  15 moths of wrath
  A salamander (D:15)
  2 black mambas (Lair:6)
  4 elephants
  A merfolk siren (Shoals:3)
  A rust devil (Abyss:3)
  A guardian serpent (Abyss:3)
  2 water nymphs
  An apocalypse crab (Abyss:3)
  2 vault sentinels
  A frost giant skeleton (Vaults:2)
  A black mamba (shapeshifter) (Vaults:3)
  A torpor snail (Spider:3)
  2 spectral swamp worms (Depths:4)
  A centaur skeleton (D:15)
  An orange demon (Abyss:2)
  4 spiny frogs
  15 yaktaurs
  4 komodo dragons
  4 freezing wraiths
  A hellwing (Depths:5)
  A rime drake (Lair:5)
  A red devil (Depths:2)
  10 demonic crawlers
  A tengu conjurer (Shoals:3)
  14 merfolk
  2 meliai (D:15)
  16 jumping spiders
  A troll (Vaults:1)
  4 wind drakes
  7 hornets
  A queen bee (D:15)
  9 hippogriffs
  A polar bear (Lair:6)
  6 snapping turtles
  8 raiju (Abyss:2)
  8 blink frogs
  24 slime creatures
  2 hippogriffs (shapeshifter)
  5 dream sheep (Lair:6)
  43 redbacks
  A spriggan (shapeshifter) (Depths:4)
  2 spriggans
  8 yaks
  7 water elementals
  12 tarantellas
  3 wraiths
  A golden eye (shapeshifter) (Vaults:3)
  2 hungry ghosts (D:15)
  2 chaos spawn (Abyss:3)
  A steam dragon (Volcano)
  3 neqoxecs
  2 wargs
  An acid dragon (Vaults:1)
  2 water moccasins
  7 large abominations
  11 hell hounds
  3 porcupines
  A sky beast (D:15)
  7 orc warriors
  2 starcursed masses (Abyss:3)
  6 boggarts
  10 centaurs
  9 ogres
  3 crocodiles
  4 bullfrogs
  A human skeleton (Vaults:2)
  An orc simulacrum (Vaults:2)
  14 killer bees
  3 wights (D:12)
  5 crimson imps
  A hound (D:14)
  6 jellies
  3 orc priests
  2 orc wizards
  A bullfrog skeleton (D:8)
  A hell rat (Lair:6)
  A worker ant (D:14)
  A worker ant zombie (D:9)
  An adder (D:12)
  A river rat (D:6)
  A shadow imp (D:6)
  28 orcs
  2 goblins (D:4)
  2 hobgoblins
  A quokka (D:4)
  2 frilled lizards (D:8)
  2 briar patches (Abyss:3)
  A bush (Lair:6)
  13 fungi
  23 plants
  2 starspawn tentacles (Abyss:3)
  11 tentacles
873 creatures vanquished.

Vanquished Creatures (others)
  Ilsuiw (Shoals:4)
  A draconian scorcher (Zot:4)
  An ugly thing (Depths:2)
  A yaktaur (Vaults:3)
  A slime creature (Depths:4)
  A tarantella (Spider:4)
  2 humans (D:14)
  2 orc warriors
  A bullfrog (D:14)
  An orc wizard (D:6)
  8 fungi
  A lurking horror (Abyss:3)
  39 plants
  4 starspawn tentacles
  59 tentacles
123 creatures vanquished.

Grand Total: 2525 creatures vanquished

Notes
Turn   | Place    | Note
-------+----------+-------------------------------------------
     0 | D:1      | dstrtn the Draconian Earth Elementalist began the quest for the Orb.
     0 | D:1      | Reached XP level 1. HP: 14/14 MP: 3/3
   572 | D:1      | Reached XP level 2. HP: 20/20 MP: 3/5
   576 | D:1      | Learned a level 2 spell: Passwall
  1028 | D:1      | Reached XP level 3. HP: 26/26 MP: 6/6
  1033 | D:1      | Learned a level 3 spell: Stone Arrow
  1941 | D:2      | Reached skill level 1 in Conjurations
  2031 | D:2      | Found a hazy altar of Hepliaklqana.
  2031 | D:2      | Found a faded altar of an unknown god.
  2038 | D:2      | Found an ancient bone altar of Kikubaaqudgha.
  2041 | D:2      | Found a shadowy altar of Dithmenos.
  2043 | D:2      | Found a hide-covered altar of Uskayaw.
  2055 | D:2      | Became a worshipper of Kikubaaqudgha
  2657 | D:2      | Reached XP level 4. HP: 33/33 MP: 0/7
  3420 | D:3      | Reached XP level 5. HP: 39/39 MP: 3/8
  3490 | D:3      | Reached skill level 1 in Fighting
  3759 | D:3      | Reached * piety under Kikubaaqudgha
  3759 | D:3      | Identified Kikubaaqudgha's Compendium of Sinister Rituals (Kikubaaqudgha gifted it to you on level 3 of the Dungeon)
  3759 | D:3      | Received a gift from Kikubaaqudgha
  3770 | D:3      | Learned a level 1 spell: Animate Skeleton
  4293 | D:3      | Reached skill level 1 in Necromancy
  4293 | D:3      | Reached XP level 6. HP: 40/47 MP: 4/10
  4394 | D:3      | Learned a level 3 spell: Vampiric Draining
  4670 | D:4      | Noticed Natasha
  4677 | D:4      | Killed Natasha
  4748 | D:4      | Reached skill level 2 in Necromancy
  4758 | D:4      | Noticed Natasha
  4764 | D:4      | Killed Natasha
  4776 | D:4      | Noticed Menkaure
  4776 | D:4      | HP: 18/48 [??? (16)]
  5378 | D:5      | Entered Level 5 of the Dungeon
  5381 | D:5      | Found a shadowy altar of Dithmenos.
  5493 | D:5      | Reached skill level 3 in Necromancy
  5493 | D:5      | Your scales start taking on a lurid green colour.
  5493 | D:5      | Reached XP level 7. HP: 56/56 MP: 5/11
  5493 | D:5      | Gained mutation: Your system is resistant to poisons. (rPois) [Green Draconian growth]
  5644 | D:5      | Reached ** piety under Kikubaaqudgha
  5736 | D:5      | Learned a level 1 spell: Summon Small Mammal
  5805 | D:5      | Reached skill level 4 in Necromancy
  6169 | D:5      | Reached skill level 1 in Short Blades
  6279 | D:5      | Reached XP level 8. HP: 38/66 MP: 8/12
  6755 | D:6      | Reached skill level 5 in Necromancy
  6915 | D:6      | Found Atwidghu's Weapon Shop.
  6923 | D:6      | Reached skill level 5 in Earth Magic
  7077 | D:6      | Found a burning altar of Makhleb.
  7108 | D:6      | Reached *** piety under Kikubaaqudgha
  7108 | D:6      | Identified Kikubaaqudgha's Compendium of Dark Rites (Kikubaaqudgha gifted it to you on level 6 of the Dungeon)
  7108 | D:6      | Received a gift from Kikubaaqudgha
  7245 | D:6      | Found a transporter.
  7410 | D:6      | Reached skill level 6 in Necromancy
  7662 | D:6      | Reached XP level 9. HP: 60/73 MP: 11/14
  7693 | D:6      | Reached **** piety under Kikubaaqudgha
  7985 | D:7      | Reached skill level 5 in Fighting
  8058 | D:7      | Found an opulent altar of Gozag.
  8139 | D:7      | Learned a level 5 spell: Borgnjor's Vile Clutch
  8377 | D:7      | Found a staircase to the Ecumenical Temple.
  8445 | D:7      | Noticed Duvessa
  8450 | D:7      | Killed Duvessa
  8450 | D:7      | Reached skill level 7 in Necromancy
  8780 | D:7      | Noticed Dowan
  8798 | D:7      | Killed Dowan
  8901 | D:7      | Reached skill level 5 in Short Blades
  9192 | D:8      | Found a white marble altar of Elyvilon.
  9661 | D:8      | Found Rov Zunk's Antique Armour Boutique.
  9663 | D:8      | Noticed Prince Ribbit
  9674 | D:8      | Killed Prince Ribbit
  9674 | D:8      | Reached skill level 8 in Necromancy
  9674 | D:8      | Reached XP level 10. HP: 62/83 MP: 2/16
  9691 | D:8      | Found a staircase to the Lair.
  9706 | D:8      | Reached ***** piety under Kikubaaqudgha
 10729 | D:9      | Found a sacrificial altar of Ru.
 10867 | D:9      | Found a basalt altar of Yredelemnul.
 11149 | D:9      | Found a glowing silver altar of Zin.
 11180 | D:9      | Found a snail-covered altar of Cheibriados.
 11185 | D:9      | Found a blossoming altar of Fedhas.
 11198 | D:9      | Reached skill level 9 in Necromancy
 11205 | D:9      | Found a sparkling altar of Nemelex Xobeh.
 11290 | D:10     | Entered Level 10 of the Dungeon
 11433 | D:10     | Noticed a green ugly thing
 11491 | D:10     | Killed an unseen horror
 11700 | D:10     | Killed a green ugly thing
 11988 | D:10     | Reached XP level 11. HP: 92/92 MP: 7/18
 11990 | D:10     | Reached skill level 5 in Spellcasting
 12332 | D:10     | Noticed Erica
 12345 | D:10     | Killed Erica
 12345 | D:10     | Reached skill level 1 in Evocations
 12550 | D:11     | Noticed Urug
 12552 | D:11     | Noticed a two-headed ogre
 12558 | D:11     | Killed Urug
 12559 | D:11     | Killed a two-headed ogre
 12559 | D:11     | Reached skill level 10 in Necromancy
 12749 | D:11     | Learned a level 5 spell: Dispel Undead
 13134 | Lair:1   | Entered Level 1 of the Lair of Beasts
 13824 | Lair:1   | Noticed Gastronok
 13841 | Lair:1   | Killed Gastronok
 13990 | Lair:1   | Reached ****** piety under Kikubaaqudgha
 13990 | Lair:1   | Reached XP level 12. HP: 97/103 MP: 22/22
 14461 | Lair:2   | Noticed Sonja
 14465 | Lair:2   | Noticed Nergalle
 14467 | Lair:2   | Killed Sonja
 14470 | Lair:2   | Killed Nergalle
 14470 | Lair:2   | Reached skill level 11 in Necromancy
 14660 | Lair:2   | Got a slimy rapier
 14848 | Lair:3   | Identified the +5 rapier of Prudence {pierce, rF+ Int+4 Stlth-} (You found it on level 2 of the Lair of Beasts)
 14857 | Lair:3   | Found a hole to the Spider Nest.
 15371 | Lair:4   | Learned a level 6 spell: Simulacrum
 15399 | Lair:4   | Noticed a seven-headed hydra
 15448 | Lair:4   | Killed a seven-headed hydra
 15498 | Lair:4   | Reached skill level 1 in Ice Magic
 15534 | Lair:4   | Found a staircase to the Shoals.
 16133 | Lair:4   | Reached skill level 5 in Dodging
 16239 | Lair:5   | Found a frozen archway.
 16239 | Lair:5   | Noticed a death yak
 16239 | Lair:5   | Noticed a death yak
 16239 | Lair:5   | Noticed a death yak
 16244 | Lair:5   | Noticed a death yak
 16252 | Lair:4   | Killed a death yak
 16252 | Lair:4   | Reached XP level 13. HP: 77/111 MP: 10/25
 16376 | IceCv    | Entered an ice cave
 16388 | IceCv    | Found a transporter.
 16730 | Lair:5   | Reached skill level 5 in Ice Magic
 16819 | Lair:5   | Learned a level 6 spell: Death Channel
 16865 | Lair:5   | Found a staircase to the Slime Pits.
 16887 | Lair:5   | Got an ichor-stained hunting sling
 16894 | Lair:5   | Identified the +6 hunting sling "Lempozaa" {speed, MP+9 Dex+3} (You found it on level 5 of the Lair of Beasts)
 17079 | Lair:5   | Reached skill level 10 in Fighting
 17080 | Lair:5   | Reached skill level 12 in Necromancy
 17361 | Lair:6   | Entered Level 6 of the Lair of Beasts
 17483 | Lair:6   | Learned a level 1 spell: Apportation
 17694 | Lair:6   | Gained mutation: Your tail ends in a poisonous barb. [Green Draconian growth]
 17694 | Lair:6   | Reached XP level 14. HP: 78/122 MP: 7/27
 18554 | Lair:6   | Reached skill level 13 in Necromancy
 18557 | Lair:6   | Reached skill level 5 in Evocations
 18942 | D:6      | Found a transporter.
 19060 | D:4      | Noticed Robin
 19064 | D:4      | Killed Robin
 19085 | D:4      | Noticed Anonimus's ghost (novice GnFi)
 19088 | D:4      | Killed Anonimus's ghost
 19259 | D:4      | Noticed Natasha
 19262 | D:4      | Killed Natasha
 20321 | D:5      | Found a shadowy altar of Dithmenos.
 21400 | D:7      | Killed Menkaure
 21432 | D:8      | Bought an embroidered scarf for 232 gold pieces
 21589 | D:12     | Noticed Fannar
 22079 | D:12     | Killed Fannar
 22103 | D:12     | Found a staircase to the Orcish Mines.
 22691 | Orc:1    | Entered Level 1 of the Orcish Mines
 22949 | Orc:2    | Entered Level 2 of the Orcish Mines
 23042 | Orc:2    | HP: 48/124 [orc warrior/dire flail (12)]
 23106 | Orc:2    | Found a staircase to the Elven Halls.
 23180 | Orc:2    | HP: 45/124 [orc knight/great mace (21)]
 23281 | Orc:2    | HP: 47/124 [centaur warrior (10)]
 23288 | Orc:2    | HP: 40/124 [centaur warrior (14)]
 23311 | Orc:2    | Found a dark tunnel.
 23372 | Orc:2    | Noticed tidbits's ghost (journeyman GnTm)
 23380 | Orc:2    | Killed tidbits's ghost
 23422 | Orc:2    | Reached skill level 10 in Spellcasting
 23473 | Volcano  | Entered a volcano
 23900 | Volcano  | Found a radiant altar of Vehumet.
 24104 | Volcano  | Reached XP level 15. HP: 89/130 MP: 21/29
 24331 | Orc:2    | Found Eggude's Jewellery Shoppe.
 24331 | Orc:2    | Found Yjutey's Gadget Shop.
 24333 | Orc:2    | Found Foj Kid's Distillery.
 24335 | Orc:2    | Found Duczeqyne's Assorted Antiques.
 24346 | Orc:2    | Bought a potion of invisibility for 128 gold pieces
 24346 | Orc:2    | Bought a potion of berserk rage for 80 gold pieces
 24346 | Orc:2    | Bought a potion of flight for 48 gold pieces
 24352 | Orc:2    | Bought 2 sedimented golden potions for 70 gold pieces
 24352 | Orc:2    | Bought a scroll of identify for 78 gold pieces
 24359 | Orc:2    | Bought a potion of heal wounds for 80 gold pieces
 24419 | Orc:2    | Learned a level 4 spell: Animate Dead
 24937 | D:6      | Bought the +10 fustibalus "Bicwol" {flame, rPois rC+ Str-5 Dex+9} for 1435 gold pieces
 25234 | D:13     | Found a blossoming altar of Fedhas.
 25241 | D:13     | Reached skill level 1 in Slings
 25287 | D:13     | Found a gate to the Vaults.
 25301 | D:13     | Reached skill level 14 in Necromancy
 25877 | D:14     | Noticed Kirke
 25886 | D:14     | Killed Kirke
 26062 | D:14     | Noticed Nessos
 26082 | D:14     | Killed Nessos
 26186 | D:14     | Reached skill level 5 in Slings
 26256 | D:14     | Got a jewelled hunting sling
 26257 | D:14     | Identified the +7 hunting sling "Atasch" {freeze, *Contam Str+6 Int+4} (You found it on level 14 of the Dungeon)
 26260 | D:14     | Gained mutation: Your magical capacity is low. (-10% MP) [mutagenic glow]
 26325 | D:14     | Found an iron altar of Okawaru.
 26487 | D:14     | Reached skill level 1 in Shields
 26647 | D:15     | Entered Level 15 of the Dungeon
 27109 | D:15     | Found a staircase to the Depths.
 27296 | D:15     | Noticed Rupert
 27304 | D:15     | Killed Rupert
 27810 | D:15     | Noticed Azrael
 27820 | D:15     | Killed Azrael
 27820 | D:15     | Reached XP level 16. HP: 111/139 MP: 17/27
 28349 | Spider:1 | Entered Level 1 of the Spider Nest
 29640 | Spider:3 | Noticed Arachne
 29652 | Spider:3 | Killed Arachne
 29652 | Spider:3 | Reached skill level 10 in Dodging
 30116 | Spider:4 | Entered Level 4 of the Spider Nest
 30149 | Spider:4 | Noticed letownia2's ghost (adept TeWz)
 30342 | Spider:4 | Killed letownia2's ghost
 30620 | Spider:4 | Noticed Aizul
 30635 | Spider:4 | Killed Aizul
 31071 | Spider:4 | Reached XP level 17. HP: 144/149 MP: 0/28
 31106 | Spider:4 | Got a gossamer rune of Zot
 31145 | Spider:4 | Got a pair of blackened boots
 31151 | Spider:4 | Identified the +2 pair of boots "Vyolubor" {rF+ Str+3 Dex-2} (You found it on level 4 of the Spider Nest)
 31513 | Shoals:1 | Entered Level 1 of the Shoals
 31526 | Shoals:1 | Reached skill level 10 in Slings
 31704 | Shoals:1 | Learned a level 3 spell: Regeneration
 31946 | Shoals:1 | Learned a level 3 spell: Recall
 32331 | Shoals:2 | Noticed a kraken
 32331 | Shoals:2 | Noticed a kraken
 32331 | Shoals:2 | Noticed a kraken
 32331 | Shoals:2 | Noticed a kraken
 32334 | Shoals:2 | HP: 32/149 [tentacle[a kraken] (29)]
 32653 | Shoals:2 | Reached skill level 1 in Translocations
 32653 | Shoals:2 | Reached skill level 1 in Summonings
 32942 | Shoals:2 | Killed a kraken
 33151 | Shoals:2 | Killed a kraken
 33236 | Shoals:2 | Killed a kraken
 33264 | Shoals:2 | Killed a kraken
 33817 | Shoals:3 | Noticed Anonimus's ghost (journeyman GnFi)
 33822 | Shoals:3 | Killed Anonimus's ghost
 34169 | Shoals:4 | Entered Level 4 of the Shoals
 34184 | Shoals:4 | Found a flickering gateway to a bazaar.
 34199 | Bazaar   | Entered a bazaar
 34201 | Bazaar   | Found Zoprec's Gadget Boutique.
 34205 | Bazaar   | Found Liusiah's Distillery.
 34205 | Bazaar   | Found Teanargh's Food Boutique.
 34205 | Bazaar   | Found Iso Qala's Distillery.
 34237 | Bazaar   | Bought a potion of haste for 140 gold pieces
 34237 | Bazaar   | Bought a potion of heal wounds for 70 gold pieces
 34237 | Bazaar   | Bought a potion of might for 56 gold pieces
 34237 | Bazaar   | Bought a potion of heal wounds for 70 gold pieces
 34254 | Bazaar   | Bought a box of beasts for 180 gold pieces
 34254 | Bazaar   | Bought a wand of paralysis (13) for 135 gold pieces
 34262 | Bazaar   | Bought a potion of agility for 68 gold pieces
 34349 | Shoals:4 | Noticed Ilsuiw
 34356 | Shoals:4 | Killed Ilsuiw
 34595 | Shoals:4 | HP: 54/151 [alligator snapping turtle (12)]
 34598 | Shoals:4 | HP: 23/151 [water nymph/the raging water (33)]
 34599 | Shoals:4 | HP: 3/151 [alligator snapping turtle (33)]
 34794 | Shoals:4 | HP: 43/151 [water nymph/the raging water (37)]
 35266 | Shoals:4 | Noticed a kraken
 35273 | Shoals:4 | Killed a kraken
 35300 | Shoals:4 | Reached XP level 18. HP: 104/159 MP: 1/30
 35621 | Shoals:4 | Got a barnacled rune of Zot
 35786 | Shoals:4 | Reached skill level 15 in Necromancy
 36121 | Vaults:1 | Entered Level 1 of the Vaults
 36186 | Vaults:1 | Got an encrusted hunting sling
 36380 | Vaults:1 | Noticed Asterion
 36386 | Vaults:1 | Killed Asterion
 36445 | Vaults:1 | Identified the +9 hunting sling "Seck" {freeze, Dex+4} (You took it off an orc on level 1 of the Vaults)
 37554 | Vaults:1 | Reached skill level 5 in Shields
 38563 | Vaults:2 | Noticed Jory
 38575 | Vaults:2 | Killed Jory
 39064 | Vaults:2 | Noticed Margery
 39076 | Vaults:2 | Reached skill level 10 in Shields
 39084 | Vaults:2 | Killed Margery
 39455 | Vaults:2 | Got a crystal shortbow
 39496 | Vaults:2 | Reached XP level 19. HP: 167/167 MP: 27/31
 39748 | Vaults:2 | Found a staircase to the Crypt.
 39748 | Vaults:2 | Found an ancient bone altar of Kikubaaqudgha.
 39749 | Vaults:2 | Found a basalt altar of Yredelemnul.
 39998 | Vaults:2 | Learned a level 3 spell: Ozocubu's Armour
 40203 | Vaults:2 | Noticed Donald
 40208 | Vaults:2 | Killed Donald
 42149 | Vaults:4 | Reached skill level 15 in Fighting
 42209 | Vaults:4 | Reached skill level 10 in Evocations
 42246 | Vaults:4 | Got a pair of polished gloves
 42252 | Vaults:4 | Identified the cursed -4 pair of gloves "Uwku" {rN+ Str-5 Int+4} (You found it on level 4 of the Vaults)
 42339 | Vaults:4 | Noticed Frederick
 42360 | Vaults:4 | Killed Frederick
 42360 | Vaults:4 | Reached XP level 20. HP: 163/178 MP: 18/32
 42452 | Vaults:4 | Found Toph's Book Shoppe.
 43177 | Depths:1 | Entered Level 1 of the Depths
 43180 | Depths:1 | Noticed kaesh's ghost (adept MiFi)
 43184 | Depths:1 | Killed kaesh's ghost
 43255 | Depths:1 | Noticed Jorgrun
 43433 | D:15     | Killed Jorgrun
 43955 | Depths:1 | Found Teonocs's Antique Weapon Shoppe.
 43959 | Depths:1 | Found Folaq's Magic Scroll Emporium.
 43960 | Depths:1 | Found Iphaschi's General Store.
 43965 | Depths:1 | Bought a scroll of blinking for 112 gold pieces
 44328 | Depths:1 | Found Muf Pewo's Jewellery Shop.
 44332 | Depths:1 | Bought an uncursed ring of see invisible for 300 gold pieces
 44346 | Depths:1 | Found a gateway to Hell.
 45618 | Depths:2 | Found a one-way gate leading to the halls of Pandemonium.
 45674 | Depths:2 | Noticed a juggernaut
 45686 | Depths:2 | Killed a juggernaut
 45767 | Depths:2 | Reached XP level 21. HP: 187/187 MP: 28/33
 45840 | Depths:2 | Reached skill level 16 in Necromancy
 45944 | Depths:2 | Identified the +0 fustibalus of Cruel Justice {velocity, +Fly} (You found it on level 2 of the Depths)
 45945 | Depths:2 | Identified the Handbook of Dark Arts
 46133 | Depths:3 | Noticed a golden dragon
 46143 | Depths:3 | Killed a golden dragon
 46651 | Depths:3 | Noticed Boris
 46662 | Depths:3 | Killed Boris
 46830 | Depths:3 | Found a one-way gate to the infinite horrors of the Abyss.
 46859 | Depths:3 | Reached skill level 17 in Necromancy
 46880 | Depths:3 | Noticed Xtahua
 46893 | Depths:3 | Killed Xtahua
 47499 | Depths:4 | Found a gateway to a ziggurat.
 47684 | Depths:4 | Noticed a golden dragon
 47694 | Depths:4 | Killed a golden dragon
 47923 | Depths:4 | Reached skill level 15 in Shields
 47924 | Depths:4 | Found Gulestr Bemn's Armour Boutique.
 47937 | Depths:4 | Bought a +0 pair of gloves of dexterity for 115 gold pieces
 48050 | Depths:4 | Reached skill level 18 in Necromancy
 48075 | Depths:4 | Identified a scroll of acquirement
 48216 | Depths:4 | Noticed a shard shrike
 48216 | Depths:4 | a shard shrike changed into an iron giant
 49088 | Depths:3 | Reached XP level 22. HP: 166/198 MP: 14/34
 49103 | Depths:3 | Reached skill level 19 in Necromancy
 49246 | Depths:5 | Entered Level 5 of the Depths
 49855 | Depths:5 | Found a gate to the Realm of Zot.
 49855 | Depths:5 | Noticed a golden dragon
 49855 | Depths:5 | Noticed a golden dragon
 49861 | Depths:5 | Killed a golden dragon
 49868 | Depths:5 | Killed a golden dragon
 49919 | Depths:5 | Reached skill level 20 in Necromancy
 50077 | Depths:5 | Gained mutation: You expend magic power (3 MP) to strengthen your wands. [a neqoxec]
 50093 | Depths:5 | Noticed a juggernaut
 50207 | Depths:5 | Lost mutation: You expend magic power (3 MP) to strengthen your wands. [potion of mutation]
 50207 | Depths:5 | Lost mutation: Your magical capacity is low. (-10% MP) [potion of mutation]
 50207 | Depths:5 | Gained mutation: Your mind is acute. (Int +2) [potion of mutation]
 50207 | Depths:5 | Gained mutation: You evolve. [potion of mutation]
 50207 | Depths:5 | Gained mutation: Your flesh is cold resistant. (rC+) [potion of mutation]
 50207 | Depths:5 | Gained mutation: You have large cloven feet. [potion of mutation]
 50287 | Depths:3 | Voluntarily entered the Abyss.
 50486 | Abyss:2  | Reached skill level 1 in Hexes
 50982 | Abyss:3  | Reached skill level 5 in Hexes
 51130 | Abyss:3  | Got an abyssal rune of Zot
 51157 | Depths:3 | Escaped the Abyss
 51916 | Depths:1 | Learned a level 6 spell: Invisibility
 52067 | Orc:2    | Bought the ring "Yvad" {rN+ EV+3 Int+5} for 640 gold pieces
 52074 | Orc:2    | Received a gift from Kikubaaqudgha
 52688 | Zot:1    | Entered Level 1 of the Realm of Zot
 52836 | Zot:1    | Noticed a golden dragon
 52844 | Zot:1    | Killed a golden dragon
 53063 | Zot:1    | Noticed an orb of fire
 53065 | Zot:1    | Noticed an orb of fire
 53065 | Zot:1    | Noticed an orb of fire
 53067 | Zot:1    | Noticed an orb of fire
 53069 | Zot:1    | Gained mutation: You are clumsy. (Dex -2) [an orb of fire]
 53074 | Zot:1    | Lost mutation: Your mind is acute. (Int +2) [an orb of fire]
 53075 | Zot:1    | Gained mutation: Scrolls take you a little longer to read. [an orb of fire]
 53080 | Zot:1    | Gained mutation: You are frail. (-10% HP) [an orb of fire]
 53084 | Zot:1    | Gained mutation: You possess an exceptional clarity of mind. [an orb of fire]
 53087 | Zot:1    | Killed an orb of fire
 53087 | Zot:1    | Reached XP level 23. HP: 131/184 MP: 2/40
 53101 | Zot:1    | Killed an orb of fire
 53101 | Zot:1    | Reached skill level 10 in Hexes
 53105 | Zot:1    | Killed an orb of fire
 53116 | Zot:1    | Killed an orb of fire
 53137 | Zot:1    | Lost mutation: You are frail. (-10% HP) [potion of mutation]
 53137 | Zot:1    | Lost mutation: Your flesh is cold resistant. (rC+) [potion of mutation]
 53137 | Zot:1    | Lost mutation: You possess an exceptional clarity of mind. [potion of mutation]
 53137 | Zot:1    | Gained mutation: You are frail. (-10% HP) [potion of mutation]
 53137 | Zot:1    | Gained mutation: You are resistant to hostile enchantments. (MR+) [potion of mutation]
 53137 | Zot:1    | Gained mutation: You are occasionally teleported next to monsters. [potion of mutation]
 53137 | Zot:1    | Gained mutation: Your muscles are strong. (Str +2) [potion of mutation]
 53138 | Zot:1    | Lost mutation: You are resistant to hostile enchantments. (MR+) [potion of mutation]
 53138 | Zot:1    | Lost mutation: Your muscles are strong. (Str +2) [potion of mutation]
 53138 | Zot:1    | Gained mutation: You are very frail. (-20% HP) [potion of mutation]
 53138 | Zot:1    | Lost mutation: You evolve. [potion of mutation]
 53138 | Zot:1    | Gained mutation: Your spells are a little harder to cast, but a little more powerful. [potion of mutation]
 53138 | Zot:1    | Gained mutation: Your flesh is cold resistant. (rC+) [potion of mutation]
 53139 | Zot:1    | Lost mutation: Scrolls take you a little longer to read. [potion of mutation]
 53139 | Zot:1    | Lost mutation: You are clumsy. (Dex -2) [potion of mutation]
 53139 | Zot:1    | Lost mutation: Your spells are a little harder to cast, but a little more powerful. [potion of mutation]
 53139 | Zot:1    | Lost mutation: You are very frail. (-20% HP) [potion of mutation]
 53139 | Zot:1    | Gained mutation: You are agile. (Dex +2) [potion of mutation]
 53139 | Zot:1    | Gained mutation: You possess an exceptional clarity of mind. [potion of mutation]
 53936 | Zot:2    | Paralysed by the power of Zot for 5 turns
 53977 | Zot:2    | HP: 71/184 [tentacled monstrosity (3)]
 53983 | Zot:2    | HP: 49/184 [storm dragon/bolt of lightning (18)]
 54371 | Zot:3    | Reached skill level 15 in Spellcasting
 54382 | Zot:3    | Learned a level 8 spell: Borgnjor's Revivification
 54515 | Zot:3    | Reached skill level 5 in Summonings
 54719 | Zot:3    | Noticed a Killer Klown
 54735 | Zot:3    | HP: 64/184 [death cob (20)]
 54755 | Zot:3    | HP: 72/184 [red draconian/searing blast (10)]
 54760 | Zot:3    | HP: 71/184 [green draconian/blast of poison (4)]
 54838 | Zot:3    | Killed a Killer Klown
 54838 | Zot:3    | Reached skill level 10 in Summonings
 54869 | Zot:3    | Reached XP level 24. HP: 192/192 MP: 9/42
 55800 | Zot:4    | Noticed an orb of fire
 56147 | Zot:4    | Gained mutation: You do not regenerate when monsters are visible. [an orb of fire]
 56155 | Zot:4    | Killed an orb of fire
 56226 | Zot:1    | Learned a level 5 spell: Lee's Rapid Deconstruction
 56292 | Zot:5    | Entered Level 5 of the Realm of Zot
 56345 | Zot:4    | Lost mutation: You have large cloven feet. [potion of mutation]
 56345 | Zot:4    | Lost mutation: You possess an exceptional clarity of mind. [potion of mutation]
 56345 | Zot:4    | Gained mutation: You are somewhat resistant to further mutation. [potion of mutation]
 56802 | Orc:2    | Bought a phantom mirror for 420 gold pieces
 56802 | Orc:2    | Bought a wand of acid (4) for 224 gold pieces
 56802 | Orc:2    | Bought a wand of scattershot (8) for 504 gold pieces
 56802 | Orc:2    | Bought a phantom mirror for 420 gold pieces
 57216 | Zot:5    | Noticed an ancient lich
 57219 | Zot:5    | Killed an ancient lich
 57286 | Zot:5    | Noticed an orb of fire
 57302 | Zot:5    | Killed an orb of fire
 57417 | Zot:5    | Noticed an ancient lich
 57422 | Zot:5    | Killed an ancient lich
 57423 | Zot:5    | Noticed an ancient lich
 57427 | Zot:5    | Killed an ancient lich
 57461 | Zot:5    | Noticed an ancient lich
 57463 | Zot:5    | Noticed an orb of fire
 57467 | Zot:5    | Killed an ancient lich
 57467 | Zot:5    | Reached XP level 25. HP: 176/198 MP: 7/45
 57478 | Zot:5    | Killed an orb of fire
 57485 | Zot:5    | Killed an ancient lich
 57519 | Zot:5    | Noticed an orb of fire
 57530 | Zot:5    | Killed an orb of fire
 57633 | Zot:5    | Noticed an orb of fire
 57635 | Zot:5    | Reached skill level 15 in Evocations
 57637 | Zot:5    | Noticed an ancient lich
 57639 | Zot:5    | Lost mutation: You are agile. (Dex +2) [an orb of fire]
 57644 | Zot:5    | Killed an ancient lich
 57646 | Zot:5    | Gained mutation: Your mind is acute. (Int +2) [an orb of fire]
 57652 | Zot:5    | Killed an orb of fire
 57653 | Zot:5    | HP: 77/198 [wandering mushroom[a curse toe] (5)]
 58267 | Depths:1 | Bought a scroll of amnesia for 52 gold pieces
 58276 | Depths:1 | Learned a level 7 spell: Haunt
 58294 | Depths:1 | Learned a level 8 spell: Infestation
 58569 | Zot:5    | Got the Orb of Zot
 58780 | Depths:4 | HP: 71/198 [Hell Sentinel/damnation (27)]
 59012 | D:11     | Noticed Ixuly the pandemonium lord
 59219 | D:$      | Escaped with the Orb!

Skill      XL: |  1  2  3  4  5  6  7  8  9 10 11 12 13 14 15 16 17 18 19 20 21 22 23 24 25 |
---------------+----------------------------------------------------------------------------+-----
Stealth        | 2 3 4 |  4.0
Conjurations   | 1 2 3 |  3.0
Earth Magic    | 4 5 6 8 9 |  9.0
Fighting       | 1 2 3 4 6 7 8 9 10 11 12 13 14 15 16 17 | 17.0
Necromancy     | 1 3 4 6 8 9 10 11 12 13 14 15 18 20 | 20.0
Spellcasting   | 3 4 6 8 9 10 11 12 13 15 18 19 | 19.0
Short Blades   | 2 4 5 6 8 |  8.0
Dodging        | 3 5 6 8 9 10 11 12 13 | 13.0
Evocations     | 3 4 5 6 7 8 10 12 13 15 | 15.9
Ice Magic      | 3 7 8 |  8.0
Slings         | 6 9 10 11 12 | 12.0
Shields        | 4 11 13 14 15 | 15.0
Translocations | 3 |  3.0
Summonings     | 2 10 | 10.1
Hexes          | 9 11 | 11.2
Transmutations | |  1.0

Action                   |  1- 3 |  4- 6 |  7- 9 | 10-12 | 13-15 | 16-18 | 19-21 | 22-24 | 25-27 || total
-------------------------+-------+-------+-------+-------+-------+-------+-------+-------+-------++-------
Melee: Dagger            |   187 |   179 |   207 |    73 |   156 |       |       |       |       ||   802
       Tailslap          |    20 |    17 |    46 |    54 |    57 |     8 |       |     1 |       ||   203
       Short sword       |       |       |   196 |   295 |       |       |       |       |       ||   491
       Rapier            |       |       |       |    20 |   195 |    25 |       |       |       ||   240
       Staff             |       |       |       |       |       |       |       |     1 |       ||     1
 Fire: Fustibalus        |       |       |       |       |   207 |   779 |   822 |   178 |       ||  1986
Throw: Stone             |       |       |       |     1 |       |       |     1 |     1 |       ||     3
       Throwing net      |       |       |       |       |       |       |     1 |       |       ||     1
 Cast: Sandblast         |    18 |    40 |     1 |       |     7 |       |       |       |       ||    66
       Stone Arrow       |     3 |     7 |    26 |    11 |     1 |       |       |       |       ||    48
       Passwall          |       |     6 |       |     1 |     7 |     3 |     4 |     4 |    12 ||    37
       Animate Skeleton  |       |    14 |    38 |    54 |    88 |    22 |    34 |    13 |       ||   263
       Vampiric Draining |       |     5 |    10 |     2 |    11 |       |       |       |       ||    28
       Borgnjor's Vile C |       |       |     9 |    94 |   186 |   190 |   208 |   194 |    21 ||   902
       Dispel Undead     |       |       |       |     4 |    27 |    34 |    48 |    32 |     2 ||   147
       Death Channel     |       |       |       |       |    41 |    50 |    52 |    33 |     1 ||   177
       Simulacrum        |       |       |       |       |     3 |    21 |    10 |    59 |    13 ||   106
       Animate Dead      |       |       |       |       |     8 |    57 |    38 |    38 |     6 ||   147
       Apportation       |       |       |       |       |       |     5 |     1 |     9 |       ||    15
       Regeneration      |       |       |       |       |       |    23 |    40 |    70 |     8 ||   141
       Invisibility      |       |       |       |       |       |       |       |    13 |       ||    13
       Recall            |       |       |       |       |       |       |       |     6 |     2 ||     8
       Ozocubu's Armour  |       |       |       |       |       |       |       |     1 |       ||     1
       Lee's Rapid Decon |       |       |       |       |       |       |       |     3 |     3 ||     6
       Haunt             |       |       |       |       |       |       |       |       |     4 ||     4
Invok: Receive Corpses   |       |       |       |       |     2 |    17 |     9 |    43 |     7 ||    78
       Receive Necronomi |       |       |       |       |       |       |       |     1 |       ||     1
 Abil: Breathe Noxious F |       |       |    35 |    20 |    19 |     6 |       |       |       ||    80
Evoke: Wand              |       |       |       |     8 |    19 |    29 |    20 |    17 |    13 ||   106
       Lamp of fire      |       |       |       |       |     3 |     3 |     3 |     3 |       ||    12
       Lightning rod     |       |       |       |       |     4 |       |       |    10 |       ||    14
       Box of beasts     |       |       |       |       |       |     2 |     1 |     2 |     2 ||     7
       Phial of floods   |       |       |       |       |       |     2 |     1 |     2 |       ||     5
       Staff of energy   |       |       |       |       |       |       |   105 |   468 |    45 ||   618
       Fan of gales      |       |       |       |       |       |       |     1 |     2 |     1 ||     4
  Use: Scroll            |     4 |       |     5 |     6 |    19 |    14 |     8 |    12 |     4 ||    72
       Potion            |       |       |       |       |     4 |     5 |     4 |    28 |    17 ||    58
 Stab: Sleeping          |     2 |     4 |     5 |     6 |     3 |       |       |       |       ||    20
       Confused          |       |       |    25 |     7 |     4 |       |       |       |       ||    36
       Distracted        |       |       |     1 |     1 |     1 |       |       |       |       ||     3
  Eat: Chunk             |     6 |    11 |    18 |    44 |    64 |    42 |    52 |    28 |       ||   265
       Ration            |       |       |     3 |     3 |    10 |    18 |    10 |    14 |     5 ||    63
Armor: Skin              |    63 |    51 |    83 |    74 |    93 |   103 |    71 |   109 |    12 ||   659
Dodge: Dodged            |   135 |   115 |   217 |   200 |   317 |   353 |   311 |   278 |    47 ||  1973
       Deflected         |       |       |       |       |    27 |    50 |    40 |    26 |     1 ||   144
Block: Buckler           |       |       |       |       |    18 |   112 |       |       |       ||   130
       Shield            |       |       |       |       |       |    30 |   359 |   270 |    48 ||   707
